 Dungeon Crawl Stone Soup version 0.23-a0-488-g5fd82c5 (webtiles) character file.

6874 zishaf the Thaumaturge (level 11, -1/56 HPs)
             Began as a Vine Stalker Transmuter on Dec 2, 2018.
             Was a Believer of the Shining One.
             Succumbed to a killer bee's poison
             ... on level 9 of the Dungeon.
             The game lasted 00:27:51 (10506 turns).

zishaf the Thaumaturge (Vine Stalker Transmuter)   Turns: 10506, Time: 00:27:52

Health: -1/56      AC:  7    Str: 13    XL:     11   Next: 6%
Magic:  13/34      EV: 10    Int: 16    God:    the Shining One [**....]
Gold:   513        SH:  0    Dex: 15    Spells: 22/28 levels left

rFire    . . .     SeeInvis +   C - +4 rapier of Analysis {speed, +Fly rC- rN+}
rCold    x . .     Gourm    .   f - +0 buckler
rNeg     + + .     Faith    .   o - +0 scale mail
rPois    .         Spirit   +   (no helmet)
rElec    .         Reflect  .   H - +0 cloak
rCorr    .         Harm     .   (no gloves)
MR       +....                  (no boots)
Stlth    ..........             (no amulet)
HPRegen  0.58/turn              J - ring of magical power
MPRegen  0.24/turn              S - ring of see invisible

@: confused, lethally poisoned (-1 -> -15), glowing
A: fangs 3, regeneration 1, magic shield, antimagic bite, no potion heal 3, rot
immunity
a: Divine Shield, Renounce Religion, Evoke Flight


You were on level 9 of the Dungeon.
You worshipped the Shining One.
The Shining One was pleased with you.
You were not hungry.

You visited 2 branches of the dungeon, and saw 12 of its levels.

You collected 513 gold pieces.

Inventory:

Hand Weapons
 a - a +2 whip of freezing
 b - a +0 arbalest
 C - the +4 rapier of Analysis (weapon) {speed, +Fly rC- rN+}
   (You found it on level 4 of the Dungeon)

   Attacks with this weapon are significantly faster.
   It makes you vulnerable to cold.
   It protects you from negative energy.
   It lets you fly.
 O - the +5 arbalest "Yppei" {velocity, rF+, unknown}
   (You found it on level 8 of the Dungeon)

   Any bolt fired from it inflicts extra damage.
   It protects you from fire.
Missiles
 h - 222 arrows
 l - 78 sling bullets
 t - 109 bolts
 F - 7 needles of confusion
Armour
 f - a +0 buckler (worn)
 o - a +0 scale mail (worn)
 r - a +0 robe
 H - a +0 cloak (worn)
 T - a +0 troll leather armour
Jewellery
 m - an uncursed amulet of faith
 J - a ring of magical power (left hand)
 S - a ring of see invisible (right hand)
Wands
 I - a wand of polymorph (7)
 M - a wand of paralysis (14)
Scrolls
 c - a scroll of magic mapping {unknown}
 i - 2 scrolls of blinking {unknown}
 j - 2 scrolls of noise {unknown}
 k - a scroll of immolation {unknown}
 n - 5 scrolls of enchant weapon {unknown}
 p - a scroll of fog {unknown}
 q - 6 scrolls of remove curse {unknown}
 s - 2 scrolls of fear {unknown}
 w - 8 scrolls of teleportation {unknown}
 x - 2 scrolls of enchant armour {unknown}
 y - 3 scrolls of amnesia
 K - a scroll of random uselessness {unknown}
 Q - a scroll of identify
Potions
 e - 2 potions of might
 g - 4 potions of curing
 u - a potion of haste
 v - 3 potions of flight
 z - 2 potions of resistance
 A - 2 potions of heal wounds {unknown}
 B - 3 potions of lignification
 D - 2 potions of invisibility
 E - 3 potions of brilliance
 G - 2 potions of degeneration
 L - a potion of cancellation
 N - a potion of ambrosia
 P - a potion of magic
Comestibles
 d - 20 rations


   Skills:
 - Level 6.0 Fighting
 * Level 1.3 Armour
 - Level 3.0 Dodging
 - Level 4.0 Shields
 + Level 7.2 Unarmed Combat
 * Level 9.1 Spellcasting
 * Level 9.0 Transmutations


You had 22 spell levels left.
You knew the following spells:

 Your Spells              Type           Power        Failure   Level  Hunger
a - Beastly Appendage     Tmut           #####.       1%          1    None
b - Blade Hands           Tmut           #####.....   30%         5    #####..

Your spell library contained the following spells:

 Spells                   Type           Power        Failure   Level  Hunger
 Sticks to Snakes         Tmut           #####...     1%          2    None
 Spider Form              Tmut/Pois      ###.......   22%         3    #......
 Animate Skeleton         Necr           N/A          43%         1    None
 Corona                   Hex            #......      43%         1    None
 Pain                     Necr           #...         43%         1    None
 Ensorcelled Hibernation  Hex/Ice        #.....       56%         2    None
 Sublimation of Blood     Necr           #.........   56%         2    None
 Ice Form                 Ice/Tmut       ###.....     58%         4    ###....
 Confuse                  Hex            #.......     80%         3    #......
 Dazzling Spray           Conj/Hex       #.....       80%         3    #......
 Tukima's Dance           Hex            #.......     80%         3    #......
 Vampiric Draining        Necr           #.........   80%         3    #......


Dungeon Overview and Level Annotations

Branches:
Dungeon (11/15)            Temple (1/1) D:7            Lair (0/6) D:8
    Orc: D:9-12

Altars:
Ashenzari
Cheibriados
Dithmenos
Elyvilon
Fedhas
Gozag
Hepliaklqana
Kikubaaqudgha
Makhleb
Nemelex Xobeh
Okawaru
Qazlal
Ru
Sif Muna
Trog
Uskayaw
Vehumet
Wu Jian
Xom
Yredelemnul
Zin
The Shining One

Shops:
D:5 *   D:8 (*(%

Annotations:
D:5 2 transporters, reskin's ghost, novice NaFi


Innate Abilities, Weirdness & Mutations

You have razor-sharp teeth.
Your natural rate of healing is unusually fast.
When hurt, damage is shared between your health and your magic reserves.
Your bite disrupts and absorbs the magic of your enemies.
Potions cannot restore your health.
You are immune to rotting.


Message History

You feel sick. The killer bee barely misses you. The killer bee misses you.
You hit the killer bee. Your bite misses the killer bee.
The killer bee is severely wounded.
* * * LOW HITPOINT WARNING * * *
You feel sick. The killer bee misses you. The killer bee closely misses you.
You puncture the killer bee!
You kill the killer bee!
* * * LOW HITPOINT WARNING * * *
You feel sick. The killer bee stings you!
* * * LOW HITPOINT WARNING * * *
Okay, then.
You closely miss the killer bee.
* * * LOW HITPOINT WARNING * * *
You feel sick. The killer bee stings you.
You are more poisoned.
The killer bee poisons you!
Okay, then.
You are confused.
Your system rejects the healing.
You feel invigorated.
You die...

.......# #.# ######.# #.#######
####.# #..#....# # #....#
####.##.# # ###.####
#....########## #
......########............#
......+.....)[............#
......########............# ####
###...........##@#........# #...
#####.##.......#y#........# #.##
.####.##......y'.#........# #.#
.#....##.......###........####.#
.##.####......># ###.........#.#
.##.# #.).....# #.#######.#.#
....# #.......# ##'#....>#.#.##
##### ###.....# #....###.#.....
##.....# #....# #.#.#.##


You could see a killer bee.

Vanquished Creatures
  A two-headed ogre (D:8)
  A gargoyle (D:7)
  A troll (D:9)
  3 hippogriffs
  4 yaks
  Edmund (D:5)
  2 ogre skeletons (D:10)
  2 orc warriors (D:8)
  2 porcupines
  2 sky beasts
  An ice beast (D:6)
  5 black bears
  2 phantoms
  3 centaurs
  6 ogres
  4 bullfrogs
  A wyvern skeleton (D:8)
  A water moccasin zombie (D:6)
  A hippogriff skeleton (D:10)
  9 killer bees
  4 scorpions
  A vampire bat (D:4)
  4 howler monkeys
  3 crimson imps (D:5)
  A centaur zombie (D:9)
  7 hounds
  3 jellies
  A quasit (D:11)
  A centaur skeleton (D:9)
  A black bear zombie (D:8)
  3 bullfrog skeletons
  An orc priest (D:9)
  9 orc wizards
  A black bear skeleton (D:7)
  4 worker ants
  3 killer bee zombies (D:7)
  2 hound skeletons (D:7)
  A hound zombie (D:7)
  A howler monkey skeleton (D:10)
  4 gnolls (D:6)
  15 adders
  A scorpion zombie (D:7)
  2 shadow imps
  An adder zombie (D:9)
  4 adder skeletons
  3 worms
  A dart slug (D:1)
  4 leopard geckos
  42 orcs
  A ball python (D:4)
  5 bat skeletons
  2 bat zombies
  3 giant cockroaches
  6 goblins
  8 hobgoblins
  21 jackals
  4 kobolds
  4 quokkas
  6 bats
  6 frilled lizards
  2 jackal skeletons
  A jackal zombie (D:9)
  A kobold skeleton (D:7)
  A kobold zombie (D:7)
  3 leopard gecko skeletons
  2 leopard gecko zombies
  5 orc skeletons
  4 quokka skeletons
  11 rats
  A rat zombie (D:9)
277 creatures vanquished.

Vanquished Creatures (others)
  34 fungi (D:8)
  7 plants (D:8)
41 creatures vanquished.

Grand Total: 318 creatures vanquished

Notes
Turn   | Place    | Note
-------+----------+-------------------------------------------
     0 | D:1      | zishaf the Vine Stalker Transmuter began the quest for the
                  | Orb.
     0 | D:1      | Reached XP level 1. HP: 9/9 MP: 4/4
    71 | D:1      | Reached skill level 1 in Fighting
   291 | D:1      | Reached XP level 2. HP: 14/14 MP: 6/6
   879 | D:1      | Reached XP level 3. HP: 15/18 MP: 7/7
  1697 | D:2      | Gained mutation: Your natural rate of healing is unusually
                  | fast. [Vine Stalker growth]
  1697 | D:2      | Reached XP level 4. HP: 22/22 MP: 9/9
  1880 | D:3      | Noticed an ogre
  1965 | D:2      | HP: 1/22 [ogre/+0 giant spiked club (21)]
  2616 | D:3      | Reached XP level 5. HP: 26/26 MP: 10/10
  2735 | D:4      | Noticed a sky beast
  2744 | D:4      | Killed a sky beast
  2848 | D:4      | Reached XP level 6. HP: 25/30 MP: 10/12
  3096 | D:4      | Learned a level 5 spell: Blade Hands
  3111 | D:4      | Found a radiant altar of Vehumet.
  3276 | D:4      | HP: 1/32 [poisoned by an orc wizard]
  3444 | D:4      | Noticed a phantom
  3479 | D:4      | Killed a phantom
  3479 | D:4      | Reached XP level 7. HP: 25/35 MP: 13/13
  3534 | D:4      | Got a transparent rapier
  3535 | D:4      | Identified the +4 rapier of Analysis {speed, +Fly rC- rN+}
                  | (You found it on level 4 of the Dungeon)
  3660 | D:4      | Reached skill level 1 in Shields
  3761 | D:4      | Found an ancient bone altar of Kikubaaqudgha.
  3924 | D:4      | Became a worshipper of Kikubaaqudgha
  4131 | D:5      | Entered Level 5 of the Dungeon
  4279 | D:5      | Gained mutation: You have razor-sharp teeth. [Vine Stalker
                  | growth]
  4279 | D:5      | Reached XP level 8. HP: 26/40 MP: 12/16
  4474 | D:5      | Found Saolum's Assorted Antiques.
  4502 | D:5      | Reached skill level 5 in Spellcasting
  4656 | D:5      | Noticed reskin's ghost (novice NaFi)
  4668 | D:5      | Found a transporter.
  4708 | D:5      | Found a transporter.
  5017 | D:5      | Reached skill level 5 in Unarmed Combat
  5078 | D:5      | Reached skill level 5 in Transmutations
  5125 | D:6      | Noticed Edmund
  5173 | D:5      | Killed Edmund
  5597 | D:6      | Reached * piety under Kikubaaqudgha
  5597 | D:6      | Identified Kikubaaqudgha's Compendium of Darkness
                  | (Kikubaaqudgha gifted it to you on level 6 of the Dungeon)
  5597 | D:6      | Received a gift from Kikubaaqudgha
  5606 | D:6      | Reached XP level 9. HP: 36/45 MP: 18/18
  5647 | D:6      | Fell from the grace of Kikubaaqudgha
  6049 | D:7      | Found a glowing silver altar of Zin.
  6050 | D:7      | Noticed an angel
  6176 | D:7      | Found a staircase to the Ecumenical Temple.
  6208 | Temple   | Entered the Ecumenical Temple
  6551 | Temple   | Became a worshipper of the Shining One
  6816 | D:7      | Found a shattered altar of Ashenzari.
  6816 | D:7      | Found a hazy altar of Hepliaklqana.
  6989 | D:8      | Found Jekly's Food Shop.
  6994 | D:8      | Found an iron altar of Okawaru.
  6997 | D:8      | Found an opulent altar of Gozag.
  7003 | D:8      | Noticed a gargoyle
  7240 | D:8      | Reached * piety under the Shining One
  7262 | D:7      | Killed a gargoyle
  7409 | D:7      | Reached skill level 5 in Fighting
  7411 | D:7      | Reached XP level 10. HP: 7/51 MP: 14/22
  7419 | D:7      | HP: 2/51 [poisoned by a killer bee]
  7425 | D:7      | HP: 2/51 [poisoned by a killer bee]
  7770 | D:8      | Found a bloodstained altar of Trog.
  7783 | D:8      | Found Pemen's Weapon Shoppe.
  7816 | D:8      | Found Simiem's General Store.
  8115 | D:8      | Got a crystal arbalest
  8144 | D:8      | Found a staircase to the Lair.
  8333 | D:8      | Noticed a two-headed ogre
  8352 | D:8      | Killed a two-headed ogre
  8464 | D:8      | Found a white marble altar of Elyvilon.
  8565 | D:8      | Found Mozet's Weapon Shoppe.
  8668 | D:9      | Found a sparkling altar of Nemelex Xobeh.
  9543 | D:10     | Entered Level 10 of the Dungeon
  9843 | D:10     | Reached ** piety under the Shining One
  9893 | D:10     | Reached XP level 11. HP: 50/56 MP: 25/25
  9907 | D:10     | Reached skill level 1 in Armour
  9952 | D:10     | You fall through a shaft!
 10189 | D:10     | Noticed a two-headed ogre
 10504 | D:9      | HP: 2/56 [killer bee (1)]
 10506 | D:9      | Succumbed to a killer bee's poison

Vault maps used:
D:1:      saegor_arrival_fortress, minmay_pentomino_s4
D:2:      kennysheep_generic_room_11
D:4:      kennysheep_vampire_church, lemuel_coloured_pillars_altar,
          first_ration, minmay_misc_feat_tower, minmay_fractal_squares_gapless_5
D:5:      serial_shops, shop, gammafunk_ghost_arena
D:6:      bh_walls_and_bars, uniq_edmund
D:7:      zin_angel, gammafunk_temple_overflow_wave, minmay_temple_entry_ruins
D:8:      grunt_temple_overflow_open, trog_ov_bears_minmay,
          due_lair_maze_entry_diamond, serial_shops, kennysheep_mini,
          nicolae_shop_trees, shop, shop
D:9:      nemelex_xobeh_ov_fountains_minmay
Temple:   nicolae_temple_figure_eight

Skill      XL: |  1  2  3  4  5  6  7  8  9 10 11 |
---------------+----------------------------------+-----
Fighting       | 1 2 3 4 5 6 |  6.0
Dodging        | 2 3 |  3.0
Spellcasting   | 3 4 5 7 9 |  9.1
Transmutations | 3 4 5 7 8 9 |  9.0
Unarmed Combat | 4 5 6 7 |  7.2
Shields        | 1 2 3 4 |  4.0
Armour         | 1 |  1.3

Action                   |  1- 3 |  4- 6 |  7- 9 | 10-12 || total
-------------------------+-------+-------+-------+-------++-------
Melee: Unarmed           |    46 |       |       |       ||    46
       Bite              |    20 |    48 |   121 |   113 ||   302
       Kick              |     1 |       |       |       ||     1
       Whip              |    63 |   184 |    13 |       ||   260
       Punch             |       |     2 |       |       ||     2
       Rapier            |       |       |   442 |   412 ||   854
 Fire: Arbalest          |     7 |    13 |       |       ||    20
 Cast: Beastly Appendage |     1 |       |       |       ||     1
Invok: Renounce Religion |       |       |     1 |       ||     1
Evoke: Wand              |       |       |       |     3 ||     3
  Use: Potion            |       |     1 |       |     1 ||     2
       Scroll            |       |       |     9 |     3 ||    12
 Stab: Sleeping          |     3 |       |       |       ||     3
  Eat: Chunk             |     3 |     5 |    13 |    11 ||    32
Armor: Robe              |    12 |       |       |       ||    12
       Scale mail        |     5 |    64 |   153 |   159 ||   381
Dodge: Dodged            |    71 |    77 |   217 |   227 ||   592
Block: Buckler           |       |    10 |    99 |    90 ||   199

Table legend:
 A = Non-vault XP
 B = Vault XP
 C = Vault XP percentage of total XP
 D = Non-vault monster count
 E = Vault monster count
 F = Vault count percentage of total count
                 A         B        C        D         E       F
            +---------+---------+-------+---------+---------+-------
      Total |    7915 |    1906 |  19.4 |     224 |      29 |  11.5
            +---------+---------+-------+---------+---------+-------
        D:1 |      48 |       8 |  14.3 |      28 |       6 |  17.6
        D:2 |      35 |       0 |   0.0 |      14 |       0 |   0.0
        D:3 |      87 |       0 |   0.0 |      27 |       0 |   0.0
        D:4 |     569 |     260 |  31.4 |      22 |      11 |  33.3
        D:5 |     731 |     162 |  18.1 |      26 |       1 |   3.7
        D:6 |     538 |       0 |   0.0 |      16 |       0 |   0.0
        D:7 |    1831 |     757 |  29.3 |      30 |       5 |  14.3
        D:8 |    1957 |     719 |  26.9 |      20 |       6 |  23.1
        D:9 |     969 |       0 |   0.0 |      24 |       0 |   0.0
       D:10 |    1108 |       0 |   0.0 |      16 |       0 |   0.0
       D:11 |      42 |       0 |   0.0 |       1 |       0 |   0.0
            +---------+---------+-------+---------+---------+-------
